 Dungeon Crawl Stone Soup version 0.31.0-11-ge490571c62 (webtiles) character file.

Game seed: 12957755920702995757

45 qw the Shooter (level 3, -2/18 HPs)
             Began as a Spriggan Hunter on Feb 5, 2024.
             Slain by Robin
             ... wielding a +0 short sword
              (4 damage)
             ... on level 1 of the Dungeon.
             The game lasted 00:00:29 (906 turns).

qw the Shooter (Spriggan Hunter)                     Turns: 906, Time: 00:00:30

Health: -2/18      AC:  2    Str:  7    XL:     3   Next: 42%
Magic:  4/4        EV: 19    Int: 10    God:
Gold:   63         SH:  0    Dex: 20    Spells: 2/2 levels left

rFire   . . .        a - +0 shortbow
rCold   . . .        (shield currently unavailable)
rNeg    . . .        c - +0 robe
rPois   .            (helmet restricted)
rElec   .            (no cloak)
rCorr   .            (gloves unavailable)
SInv    +            (boots unavailable)
Will    .....        (no amulet)
Stlth   ++           (no ring)
HPRegen 0.23/turn    (no ring)
MPRegen 0.09/turn

%: no passive effects
@: very quick
A: very small, no large weapons, unfitting armour, see invisible, speed 3
a: no special abilities


You were on level 1 of the Dungeon.
You visited 1 branch of the dungeon, and saw 2 of its levels.

You collected 63 gold pieces.


Innate Abilities, Weirdness & Mutations

You are very small and have problems with some larger weapons.
You are too small for most types of armour.
You have supernaturally acute eyesight. (SInv)
You cover ground extremely quickly. (Speed+++)


   Skills:
 - Level 1.5 Fighting
 + Level 4.7 Ranged Weapons
 - Level 4.0 Dodging
 - Level 1.5 Stealth


You had 2 spell levels left.
You didn't know any spells.
Your spell library was empty.

Inventory:

Hand Weapons
 a - a +0 shortbow (weapon)
Armour
 c - a +0 robe (worn)
Potions
 d - a potion of might {unknown}
 h - a potion of mutation {unknown}
 i - a potion of attraction {unknown}
 n - a potion of cancellation {unknown}

Dungeon Overview and Level Annotations

Branches:
Dungeon (2/15)

Altars:

Annotations:
D:1 Robin
D:2 Terence


Message History

You shoot an arrow. The arrow hits the goblin!
You kill the goblin!
You start resting.
HP restored.
You climb downwards.
Level annotation: Robin, Terence
There is a stone staircase leading up here.
You shoot an arrow. The arrow hits Robin.
Robin is lightly wounded.
A goblin comes into view. It is wielding a +0 dagger.
The goblin moves out of view.
You shoot an arrow. The arrow closely misses Robin.
899 ||| STAIRDANCE The goblin shouts!
Robin's bangles clink loudly.
Robin zaps a wand.
The puff of flame misses you.
You climb upwards.
There is a stone staircase leading down here.
You shoot an arrow.
The arrow hits Robin but does no damage.
Robin is lightly wounded.
Robin zaps a wand.
The puff of flame hits you!
Ouch! That really hurt!
You shoot an arrow. The arrow hits Robin.
Robin is lightly wounded.
Robin zaps a wand.
The puff of flame misses you.
You shoot an arrow.
The arrow hits Robin but does no damage.
Robin is lightly wounded.
Robin closely misses you.
You shoot an arrow. The arrow closely misses Robin.
Robin zaps a wand.
The puff of flame hits you. Robin closely misses you.
You shoot an arrow. The arrow hits Robin.
Robin is heavily wounded.
Robin hits you with a +0 short sword.
You shoot an arrow. The arrow hits Robin.
Robin is almost dead.
Robin hits you with a +0 short sword.
You die...
Robin calls out, "Let's celebrate!
Time for a feast!"

#.....##......#
####.....##......#
#........##......# ##
#........##......## #.
#.................# #.
#.................#####.
#....###[...............
######..))......##........
#.......)@g...|.##.......#
#.##......)...####.......#
#.##...###................
##'##......................
#...............#..........
#..........................
#...........#......#......#
#...........#......#....###
#...........###....)....# #


You could see Robin.

Vanquished Creatures
  2 dart slugs (D:1)
  2 endoplasms
  8 goblins
  2 hobgoblins (D:1)
  3 jackals (D:2)
  5 quokkas (D:1)
  A ball python (D:2)
  4 bats (D:1)
  4 frilled lizards
  3 kobolds (D:1)
  2 rats (D:1)
36 creatures vanquished.

Notes
Turn   | Place    | Note
-------+----------+-------------------------------------------
     0 | D:1      | qw the Spriggan Hunter began the quest for the Orb.
     0 | D:1      | Reached XP level 1. HP: 10/10 MP: 2/2
     0 | D:1      | 0 ||| qw: Version: 0.3-a-160-g6735b56
     0 | D:1      | 0 ||| qw: Game counter: 6444
     0 | D:1      | 0 ||| qw: Melee chars always use a shield: true
     0 | D:1      | 0 ||| qw: God list: Okawaru
     0 | D:1      | 0 ||| qw: Allow faded altars: false
     0 | D:1      | 0 ||| qw: Do Orc after clearing Dungeon:15 true
     0 | D:1      | 0 ||| qw: Do second Lair branch before Depths: true
     0 | D:1      | 0 ||| qw: Lair rune preference: random
     0 | D:1      | 0 ||| qw: Goals: Normal
     0 | D:1      | 0 ||| PLANNING D:1-11
    50 | D:1      | Reached skill level 3 in Dodging
   238 | D:1      | Reached XP level 2. HP: 10/14 MP: 3/3
   448 | D:1      | Reached XP level 3. HP: 18/18 MP: 4/4
   588 | D:1      | 588 ||| READING scroll labelled ZECOMMALOZU.
   589 | D:1      | 589 ||| READING 2 scrolls labelled LAQINN BYUPO.
   592 | D:1      | 592 ||| READING scroll labelled XEFURGH MOACEP.
   593 | D:1      | 593 ||| READING scroll labelled MOG SUYTETRUL.
   594 | D:1      | 594 ||| READING scroll labelled YDIXZICENYON.
   595 | D:1      | 595 ||| READING scroll labelled JOGUUWOUPA.
   596 | D:1      | 596 ||| READING 3 scrolls labelled XUALIA XEPN.
   597 | D:1      | 597 ||| READING scroll labelled CYOHACEMMU.
   597 | D:1      | 597 ||| ENCHANTING +0 shortbow.
   598 | D:1      | 598 ||| DROPPING scroll of butterflies.
   599 | D:1      | 599 ||| DROPPING 2 scrolls of poison.
   698 | D:2      | Noticed Terence
   708 | D:2      | HP: 2/18 [Terence/+0 falchion (5)]
   709 | D:2      | 709 ||| READING scroll of teleportation.
   796 | D:2      | Noticed Robin
   801 | D:2      | 801 ||| FLEEEEING.
   802 | D:2      | 802 ||| FLEEEEING.
   803 | D:2      | 803 ||| FLEEEEING.
   804 | D:2      | 804 ||| FLEEEEING.
   805 | D:2      | 805 ||| FLEEEEING.
   806 | D:2      | 806 ||| FLEEEEING.
   807 | D:2      | 807 ||| FLEEEEING.
   811 | D:2      | 811 ||| FLEEEEING.
   813 | D:2      | 813 ||| FLEEEEING.
   814 | D:2      | 814 ||| FLEEEEING.
   815 | D:2      | 815 ||| FLEEEEING.
   816 | D:2      | 816 ||| STAIRDANCE
   837 | D:2      | 837 ||| STAIRDANCE
   845 | D:2      | 845 ||| STAIRDANCE
   850 | D:2      | 850 ||| STAIRDANCE
   899 | D:2      | 899 ||| STAIRDANCE
   904 | D:1      | HP: 3/18 [Robin/puff of flame (5)]
   906 | D:1      | Slain by Robin

Levels and vault maps discovered:
D:1:      onia_arrival_mini_spirals, layout_basic
D:2:      layout_loops_cross, basic_altar, uniq_robin, uniq_terence,
          uniq_natasha

Skill      XL: |  1  2 |
---------------+-------+-----
Dodging        | 3 4 |  4.0
Fighting       | |  1.5
Ranged Weapons | |  4.7
Stealth        | |  1.5

Action                     || total
---------------------------++-------
   Fire: Shortbow          ||   103
    Use: Scroll            ||     9
 Armour: Robe              ||    20
  Dodge: Dodged            ||    51

Table legend:
 A = Non-vault XP
 B = Vault XP
 C = Vault XP percentage of total XP
 D = Non-vault monster count
 E = Vault monster count
 F = Vault count percentage of total count
                 A         B        C        D         E       F
            +---------+---------+-------+---------+---------+-------
      Total |      55 |      10 |  15.4 |      30 |       6 |  16.7
            +---------+---------+-------+---------+---------+-------
        D:1 |      44 |       9 |  17.0 |      23 |       5 |  17.9
        D:2 |      11 |       1 |   8.3 |       7 |       1 |  12.5
            +---------+---------+-------+---------+---------+-------
